 Dungeon Crawl Stone Soup version 0.14-a0-1378-gf8e6a88 (webtiles) character file.

9533 PolkaDot the Conjurer (level 11, -10/102 HPs)
             Began as a Vampire Conjurer on Dec 8, 2013.
             Was a High Priest of Sif Muna.
             Mangled by a komodo dragon (26 damage)
             ... on Level 2 of the Lair of Beasts.
             The game lasted 01:13:59 (16677 turns).

PolkaDot the Conjurer (Vampire Conjurer)           Turns: 16677, Time: 01:13:59

HP -10/102       AC  5     Str 12      XL: 11   Next: 16%
MP   0/17        EV 15     Int 20      God: Sif Muna [*****.]
Gold 607         SH  0     Dex 14      Spells:  4 memorised,  2 levels left

rFire  . . .     SeeInvis +     y - +0,+2 cutlass
rCold  + . .     Clarity  .     C - +0 robe {MR+}
rNeg   . . .     Conserve .     (no shield)
rPois  .         rCorr    .     w - +2 wizard hat
rElec  .         rRot     .     q - +0 elf cloak
SustAb . .       Spirit   .     (no gloves)
rMut   +         Warding  .     (no boots)
Saprov . . .     Stasis   .     I - amulet of resist mutation
                                J - ring of flight
                                D - ring of protection from cold {unknown}

@: non-regenerating, berserking, badly diseased, very quick, quite resistant to
hostile enchantments, extremely unstealthy
A: bottle blood, fangs 3, see invisible, unbreathing
a: Bottle Blood, Channel Energy, Forget Spell, Renounce Religion, Evoke Flight


You were on level 2 of the Lair of Beasts.
You worshipped Sif Muna.
Sif Muna was extremely pleased with you.
You were full.

You visited 3 branches of the dungeon, and saw 12 of its levels.

You collected 607 gold pieces.

Inventory:

Hand weapons
 y - a +0,+2 cutlass (weapon)
Armour
 q - a +0 elven cloak (worn)
 s - a +1 leather armour of cold resistance
 w - a +2 wizard hat (worn)
 C - a +0 robe of magic resistance (worn)
Magical devices
 a - a wand of disintegration (15)
 d - a wand of flame (11)
 i - a wand of confusion (8)
 F - a wand of lightning (2)
 H - a wand of enslavement (6)
 K - a wand of heal wounds (2) {unknown}
Scrolls
 e - 3 scrolls of immolation
 h - 9 scrolls of remove curse
 j - a scroll of recharging {unknown}
 n - a scroll of fear
 o - a scroll of fog
 r - a scroll of curse jewellery {unknown}
 t - a scroll of noise {unknown}
 z - 2 scrolls of magic mapping
 B - 3 scrolls of teleportation
 G - 2 scrolls of enchant weapon I {unknown}
Jewellery
 A - an uncursed ring of protection from magic
 D - a ring of protection from cold (left hand) {unknown}
 I - an amulet of resist mutation (around neck)
 J - a ring of flight (right hand)
Potions
 b - a potion of restore abilities
 g - 2 potions of cure mutation
 l - a potion of flight
 m - a potion of resistance
 p - 2 potions of mutation
 u - 2 potions of speed
 v - 2 potions of curing
 E - 2 potions of magic
Books
 c - a book of Conjurations

   Spells                             Type                      Level
   *Magic Dart                        Conjuration                  1
   *Searing Ray                       Conjuration                  2
   Dazzling Spray                     Conjuration/Hexes            3
   *Iskenderun's Mystic Blast         Conjuration                  4
   Iskenderun's Battlesphere          Conjuration/Charms           4
   *Fulminant Prism                   Conjuration/Hexes            5
 k - a Grand Grimoire {highlevel}

   This book is beyond your current level of understanding.

   Spells                             Type                      Level
   Demonic Horde                      Summoning                    6
   Mass Abjuration                    Summoning                    6
   Haunt                              Necromancy/Summoning         7
   Summon Greater Demon               Summoning                    7
   Malign Gateway                     Summoning/Translocation      7
   Summon Horrible Things             Summoning                    8
 x - a book of Unlife

   Spells                             Type                      Level
   Recall                             Summoning/Translocation      3
   Animate Dead                       Necromancy                   4
   Control Undead                     Necromancy                   4
   Twisted Resurrection               Necromancy                   5
   Death Channel                      Necromancy                   6
   Simulacrum                         Ice/Necromancy               6


   Skills:
 - Level 4.0 Short Blades
 + Level 4.5 Armour
 - Level 5.6 Dodging
 - Level 3.0 Stealth
 - Level 2.0 Spellcasting
 * Level 12.0 Conjurations


You had 2 spell levels left.
You knew the following spells:

 Your Spells              Type           Power        Failure   Level  Hunger
a - Magic Dart            Conj           ####         1%          1    #......
d - Iskenderun's Mystic   Conj           ######..     1%          4    #####..
f - Fulminant Prism       Conj/Hex       ####......   38%         5    ######.
s - Searing Ray           Conj           ######       1%          2    ##.....


Dungeon Overview and Level Annotations

Branches:
Dungeon (9/16)             Temple (1/1) D:4            Lair (2/8) D:8
    Orc: D:9-12

Altars:
Ashenzari
Cheibriados
Elyvilon
Fedhas
Kikubaaqudgha
Makhleb
Nemelex Xobeh
Okawaru
Sif Muna
Trog
Vehumet
Xom
Yredelemnul
Zin
the Shining One


Innate Abilities, Weirdness & Mutations

Your natural rate of healing is unusually fast.
You can bottle blood from corpses.
You have razor-sharp teeth.*
You have supernaturally acute eyesight.
You can survive without breathing.*


Message History

The orb of energy explodes!
The mystic blast hits the fungus.
The fungus is moderately damaged.
* * * LOW MAGIC WARNING * * *
The komodo dragon bites you.
* * * LOW HITPOINT WARNING * * *
You feel ill.
Drink which item? (? for menu, Esc to quit)
You feel better.
The komodo dragon hisses menacingly.
The komodo dragon bites you!
* * * LOW HITPOINT WARNING * * *
You feel ill.
Drink which item? (? for menu, Esc to quit)
A red film seems to cover your vision as you go berserk!
You feel yourself moving faster!
You feel mighty!
The komodo dragon bites you but does no damage.
You hit the komodo dragon.
The komodo dragon is almost dead.
The komodo dragon bites you!
You die...

####.#.#.####
#...........####
#...###.#.#..#f##### ##..#
#...#........# #..##
#.#...#.....P#
##.####...........##
#.#......P.#.....##
#.....P......f...P#
#...#.....@....#.##
#.#....fffl#.#.#.# ...#
##.#.#.....%#...#[# .#..
#f.....P..#.f.f...## .#.#
#....#......f...#.f##
...###.........f.........#
.#.#............>#...#####
.#.#..#..##......#..##
...................##


You could see a komodo dragon.

Vanquished Creatures
  A hydra (D:9)
  A hill giant (D:7)
  A feature mimic (D:9)
  A spiny frog (Lair:1)
  A troll (D:6)
  A fire drake (D:9)
  A basilisk (Lair:1)
  2 hippogriffs
  A merfolk (D:7)
  6 yaks (Lair:1)
  4 wolves (Lair:1)
  A necrophage (D:7)
  A porcupine (Lair:1)
  3 ogres
  2 sky beasts
  3 ice beasts
  3 orc warriors
  2 centaurs (D:8)
  4 crocodiles
  2 big kobolds
  A water moccasin (Lair:2)
  4 giant frogs
  3 agate snails
  A troll zombie (D:7)
  7 wights (D:7)
  A yak zombie (D:7)
  4 killer bees (D:7)
  3 electric eels (Lair:2)
  A goliath beetle (D:8)
  A gnoll shaman (D:6)
  5 hounds
  4 crimson imps
  5 iguanas
  4 big fish (D:7)
  A black bear zombie (D:7)
  4 orc priests
  4 jellies
  10 orc wizards
  9 worker ants
  An ogre zombie (D:9)
  An ogre skeleton (D:7)
  A big kobold zombie (D:7)
  Terence (D:2)
  14 adders
  9 gnolls
  3 giant mites
  5 worms
  An adder skeleton (D:9)
  A giant eyeball (D:4)
  5 giant geckos
  40 orcs
  A ball python (D:3)
  A bat skeleton (D:4)
  5 giant cockroaches
  6 hobgoblins
  19 jackals
  19 kobolds
  9 quokkas
  17 bats
  6 giant newts
  18 goblins
  A hobgoblin skeleton (D:7)
  A kobold skeleton (D:5)
  A quokka skeleton (D:9)
  16 rats
315 creatures vanquished.

Vanquished Creatures (others)
  2 plants
2 creatures vanquished.

Grand Total: 317 creatures vanquished

Notes
Turn   | Place    | Note
--------------------------------------------------------------
     0 | D:1      | PolkaDot, the Vampire Conjurer, began the quest for the Orb.
     0 | D:1      | Reached XP level 1. HP: 13/13 MP: 3/3
   338 | D:1      | Reached XP level 2. HP: 19/19 MP: 0/4
   421 | D:1      | Learned a level 2 spell: Searing Ray
  1240 | D:2      | Reached XP level 3. HP: 21/24 MP: 3/6
  1768 | D:2      | Reached skill level 4 in Conjurations
  1942 | D:2      | Noticed Terence
  2030 | D:2      | Killed Terence
  2030 | D:2      | Reached XP level 4. HP: 26/30 MP: 1/7
  2272 | D:2      | Found a shattered altar of Ashenzari.
  2823 | D:3      | Learned a level 4 spell: Iskenderun's Mystic Blast
  3821 | D:4      | Reached XP level 5. HP: 32/35 MP: 1/9
  3915 | D:4      | Paralysed by a giant eyeball for 2 turns
  3924 | D:4      | Paralysed by a giant eyeball for 3 turns
  3950 | D:4      | Reached skill level 5 in Conjurations
  4150 | D:4      | Reached XP level 6. HP: 26/41 MP: 3/10
  4330 | D:4      | Found a staircase to the Ecumenical Temple.
  4338 | D:4      | PolkaDot: I rushed that
  4338 | D:4      | PolkaDot: o.o
  4340 | Temple   | Entered the Ecumenical Temple
  4448 | Temple   | PolkaDot: eeny meeny miny mo
  4448 | Temple   | PolkaDot: I'm feeling inclined for sif :)
  4475 | Temple   | Became a worshipper of Sif Muna the Loreminder
  5100 | D:4      | Reached skill level 6 in Conjurations
  5672 | D:4      | Reached XP level 7. HP: 41/46 MP: 1/12
  5802 | D:4      | Found a white marble altar of Elyvilon.
  5839 | D:5      | Entered Level 5 of the Dungeon
  6457 | D:5      | Acquired Sif Muna's first power
  6911 | D:5      | Reached skill level 7 in Conjurations
  7576 | D:6      | Reached XP level 8. HP: 52/52 MP: 7/13
  7597 | D:6      | Reached skill level 1 in Short Blades
  7780 | D:6      | Noticed a troll
  7803 | D:6      | Killed a troll
  7803 | D:6      | Reached skill level 8 in Conjurations
  8219 | D:7      | Found a shimmering altar of Xom.
  8550 | D:7      | Acquired Sif Muna's second power
  8730 | D:7      | PolkaDot: mut and cmute in equal measure... hmm
  9066 | D:7      | Reached skill level 9 in Conjurations
  9221 | D:7      | Reached XP level 9. HP: 57/57 MP: 3/14
 10238 | D:7      | Noticed a hill giant
 10302 | D:7      | Killed a hill giant
 10302 | D:7      | Reached skill level 10 in Conjurations
 10960 | D:7      | Reached skill level 5 in Dodging
 11062 | D:8      | Found a shimmering altar of Xom.
 11755 | D:8      | Reached XP level 10. HP: 63/63 MP: 12/16
 11782 | D:8      | Found a staircase to the Lair.
 11798 | D:8      | Acquired Sif Muna's third power
 12714 | D:9      | Reached skill level 1 in Armour
 12974 | D:9      | Noticed a five-headed hydra
 12982 | D:9      | Killed a five-headed hydra
 13136 | D:9      | Found a staircase to the Lair.
 13157 | D:9      | Reached skill level 11 in Conjurations
 13213 | D:9      | PolkaDot: 5 minutes
 13298 | D:9      | the staircase to the Lair was a mimic.
 14482 | Lair:1   | Entered Level 1 of the Lair of Beasts
 15202 | Lair:1   | Reached XP level 11. HP: 10/68 MP: 0/17
 16167 | Lair:2   | Learned a level 5 spell: Fulminant Prism
 16652 | Lair:2   | Reached skill level 12 in Conjurations
 16677 | Lair:2   | Mangled by a komodo dragon

Action                   |  1- 3 |  4- 6 |  7- 9 | 10-12 || total
-------------------------+-------+-------+-------+-------++-------
Melee: Unarmed           |     8 |       |       |       ||     8
       Short sword       |     1 |    27 |       |       ||    28
       Spear             |       |     1 |       |       ||     1
       Dagger            |       |       |     9 |       ||     9
       Cutlass           |       |       |    58 |   133 ||   191
 Cast: Magic Dart        |    43 |    52 |    85 |    27 ||   207
       Searing Ray       |    10 |    25 |    84 |    64 ||   183
       Iskenderun's Myst |       |     1 |    19 |    28 ||    48
Invok: Channel Energy    |       |       |    37 |    26 ||    63
Evoke: Wand              |       |     1 |     4 |     1 ||     6
  Use: Potion            |     3 |     2 |     4 |     3 ||    12
       Scroll            |     4 |    10 |     4 |     4 ||    22
 Stab: Sleeping          |       |     3 |     3 |     1 ||     7
